 Dungeon Crawl Stone Soup version 0.21.1-1-g345015f (webtiles) character file.

44418 Mgcat the Bludgeoner (level 13, -5/125 HPs)
             Began as a Minotaur Berserker on Feb 7, 2018.
             Was a High Priest of Trog.
             Slain by a torpor snail (9 damage)
             ... on level 5 of the Lair of Beasts.
             The game lasted 00:41:54 (17168 turns).

Mgcat the Bludgeoner (Minotaur Berserker)          Turns: 17168, Time: 00:41:55

Health: -5/125     AC: 19    Str: 27    XL:     13   Next: 96%
Magic:  15/15      EV: 12    Int: 12    God:    Trog [*****.]
Gold:   775        SH:  0    Dex: 12    Spells: 12/12 levels left

rFire    + . .     SeeInvis .   S - +2 dire flail "Deb Erick" {distort, Str+2 Int+5 Stlth+}
rCold    . . .     Gourm    .   (shield currently unavailable)
rNeg     . . .     Faith    .   u - +1 ring mail {rF+}
rPois    .         Spirit   .   (helmet restricted)
rElec    .         Reflect  .   a - +2 cloak
rCorr    .         Harm     .   I - +2 pair of gloves
MR       ++...                  (no boots)
Stlth    ++........             (no amulet)
HPRegen  1.30/turn              n - +3 ring of strength
MPRegen  0.14/turn              o - +4 ring of protection

@: berserk cooldown, regenerating, slowed, very slow
A: retaliatory headbutt, horns 2
a: Berserk, Trog's Hand, Brothers in Arms, Burn Spellbooks, Renounce Religion


You were on level 5 of the Lair of Beasts.
You worshipped Trog.
Trog was extremely pleased with you.
You were very hungry.

You visited 2 branches of the dungeon, and saw 17 of its levels.

You collected 1111 gold pieces.
You spent 336 gold pieces at shops.

Inventory:

Hand Weapons
 M - a +4 great mace of freezing
   (Trog gifted it to you on level 11 of the Dungeon)
 S - the +2 dire flail "Deb Erick" (weapon) {distort, Str+2 Int+5 Stlth+}
   (Trog gifted it to you on level 6 of the Lair of Beasts)

   It warps and distorts space around it.
   Unwielding it can cause banishment or high damage.
   It affects your strength (+2).
   It affects your intelligence (+5).
   It makes you more stealthy.
Missiles
 x - a tomahawk of returning (quivered)
 O - 3 throwing nets {=f, !d}
 P - 7 javelins
 R - 8 poisoned tomahawks
 W - 6 tomahawks
Armour
 a - a +2 cloak (worn)
   (You found it on level 11 of the Dungeon)
 t - a +2 shield of protection
   (You acquired it on level 6 of the Lair of Beasts)
 u - a +1 ring mail of fire resistance (worn)
   (You found it on level 3 of the Lair of Beasts)
 D - a +0 buckler
   (You found it on level 5 of the Dungeon)
 I - a +2 pair of gloves (worn)
   (You found it on level 5 of the Dungeon)
Jewellery
 n - a +3 ring of strength (left hand)
   (You found it on level 2 of the Dungeon)
 o - a +4 ring of protection (right hand)
   (You took it off a hobgoblin on level 2 of the Dungeon)
 r - an uncursed ring of resist corrosion
   (You took it off a crimson imp on level 3 of the Dungeon)
 C - an uncursed ring of fire {rF+, rC-}
   (You found it on level 6 of the Lair of Beasts)
 K - an uncursed ring of positive energy {rN+}
   (You found it on level 7 of the Dungeon)
Wands
 e - a wand of clouds (13)
   (You found it on level 9 of the Dungeon)
 f - a wand of polymorph (21)
   (You found it on level 2 of the Dungeon)
 h - a wand of iceblast (12)
   (You found it on level 4 of the Lair of Beasts)
 E - a wand of scattershot (3)
   (You found it on level 5 of the Dungeon)
 H - a wand of digging (15)
   (You found it on level 7 of the Dungeon)
 L - a wand of acid (19)
   (You found it on level 9 of the Dungeon)
Scrolls
 d - 5 scrolls of remove curse
 l - a scroll of fear
 m - 15 scrolls of teleportation
 p - a scroll of blinking {!r}
 s - 5 scrolls of magic mapping {!r}
 y - 2 scrolls of identify
 F - a scroll of immolation {!r}
Potions
 b - 2 potions of might
 g - 6 potions of magic
 i - 9 potions of curing
 j - a potion of lignification {unknown}
 k - 2 potions of mutation {!q}
 q - 7 potions of haste
 v - 2 potions of cancellation
 w - 3 potions of agility
 z - 4 potions of flight
 B - a potion of resistance
 J - 2 potions of ambrosia
 N - 2 potions of invisibility
 U - 2 potions of brilliance {unknown}
 V - a potion of heal wounds {unknown}
Miscellaneous
 X - a box of beasts
Comestibles
 c - 32 rations
 Z - 3 chunks of flesh {@w0}


   Skills:
 + Level 14.5 Fighting
 * Level 18.6 Maces & Flails
 + Level 7.7 Throwing
 + Level 10.1 Armour
 - Level 2.4 Dodging
 - Level 5.0 Shields
 - Level 5.0 Evocations


You had 12 spell levels left.
You didn't know any spells.

Dungeon Overview and Level Annotations

Branches:
Dungeon (11/15)            Temple (0/1) D:4            Lair (6/6) D:11
 Shoals (0/4) Lair:3       Spider (0/4) Lair:4        Slime (0/5) Lair:6
    Orc (0/2) D:11

Altars:
Ashenzari
Cheibriados
Elyvilon
Okawaru
Ru
Jiyva

Shops:
D:9 !


Innate Abilities, Weirdness & Mutations

You reflexively headbutt those who attack you in melee.
You have a pair of horns on your head.


Message History

A yak and a death yak come into view.
There is a stone staircase leading up, spattered with blood here.
You completely miss the death yak. You headbutt the death yak.
The death yak is lightly wounded.
The death yak gores you but does no damage.
You hit the death yak but do no damage.
The death yak is lightly wounded.
The death yak disappears!
The death yak gores you but does no damage.
The yak moves out of view.
The yak closely misses you.
A death yak comes into view.
The death yak bellows!
You bludgeon the yak!!
The yak looks slightly unstable.
You headbutt the yak!
The yak is almost dead.
You hear a bellow! x2
The death yak gores you but does no damage. x2
You hear a bellow!
You impale the yak!!
You kill the yak!
Trog accepts your kill. The death yak barely misses you.
You furiously retaliate!
You headbutt the death yak! You crush the death yak like a grape!!!
Space bends around the death yak.
You headbutt the death yak.
The death yak is almost dead.
You hear a bellow! x3
The death yak closely misses you.
You barely miss the death yak.
The death yak is almost dead.
The death yak completely misses you. You furiously retaliate!
You headbutt the death yak!
You kill the death yak!
Trog accepts your kill.
You hit the death yak.
Space bends around the death yak.
Your headbutt misses the death yak.
The death yak is lightly wounded.
The death yak closely misses you. The death yak gores you.
A yak comes into view.
The yak bellows!
You bludgeon the death yak!!
Space bends around the death yak.
You headbutt the death yak!
The death yak is severely wounded.
The death yak gores you but does no damage.
The death yak gores you.
You puncture the death yak! You headbutt the death yak!
The death yak is almost dead.
The death yak blinks!
You are no longer berserk.
You are exhausted.
You feel as though you will be slow longer.
The yak moves out of view.
You barely miss the death yak.
The death yak is almost dead.
The death yak closely misses you. The torpor snail closely misses you.
You furiously retaliate!
You headbutt the torpor snail, but do no damage.
The death yak gores you but does no damage.
A yak comes into view.
You bludgeon the death yak!!
You kill the death yak!
Trog accepts your kill. The death yak gores you!
The death yak barely misses you. The torpor snail bites you!
A yak comes into view.
You are too injured to fight recklessly!
You are too injured to fight recklessly!
You are too injured to fight recklessly!
You are too injured to fight recklessly!
Unknown command.
The hornet stings you but does no damage.
The death yak barely misses you.
The hornet stings you but does no damage.
The death yak gores you.
The death yak gores you but does no damage.
The death yak closely misses you. The torpor snail bites you!
The death yak gores you! The death yak barely misses you.
You furiously retaliate!
You headbutt the death yak.
You climb upwards.
There is a stone staircase leading down here.
You hit the hornet.
You headbutt the hornet, but do no damage.
The hornet is lightly wounded.
The hornet blinks!
The death yak gores you! The death yak gores you!! The death yak gores you!
* * * LOW HITPOINT WARNING * * *
The torpor snail bites you.
* * * LOW HITPOINT WARNING * * *
The death yak closely misses you. You furiously retaliate!
You headbutt the death yak!
The death yak gores you but does no damage.
You flatten the hornet like a pancake!!!
You kill the hornet!
Trog accepts your kill.
The death yak gores you but does no damage.
The death yak gores you.
* * * LOW HITPOINT WARNING * * *
The death yak gores you!!
* * * LOW HITPOINT WARNING * * *
The torpor snail bites you!
You die...

..........##...#####.#..####P##..
.##.......###.### ##.....##..>...
##.#####..###...###...#..##.P...#
### #..........##..#.###.....#
#.........##.....#.....P.P
#....#....###.##....)....#
##.#..##...##..##.#......#
######.Yw................
#PY@.<..............
###Y######..#.P###.# ### ####.##
### ###


You could see 3 death yaks and a torpor snail.

Vanquished Creatures
  A fire dragon (Lair:6)
  Harold (Lair:4)
  5 hydras
  2 two-headed ogres
  4 death yaks
  A swamp dragon (Lair:6)
  Pikel (D:8)
  A lindwurm (Lair:6)
  20 elephants
  A cyclops (D:11)
  Joseph (D:8)
  2 black mambas
  A merfolk siren (Lair:3)
  4 torpor snails
  A centaur skeleton (D:11)
  6 spiny frogs
  3 komodo dragons
  3 rime drakes (Lair:6)
  A jumping spider (Lair:4)
  6 hornets
  3 blink frogs (Lair:1)
  11 hippogriffs
  6 dream sheep
  7 redbacks (Lair:4)
  A wraith (D:11)
  25 yaks
  3 wyverns
  3 basilisks
  A steam dragon (Lair:6)
  A hungry ghost (D:11)
  The ghost of Zhenya24pyc the Cudgeler, an amateur GrFi (D:4)
  4 swamp worms (D:8)
  An acid dragon (Lair:6)
  10 water moccasins
  2 ice beasts (D:9)
  9 porcupines
  A swamp drake (Lair:6)
  A sky beast (D:9)
  A slave (D:8)
  5 black bears
  An eye of draining (D:8)
  A necrophage (D:5)
  4 phantoms
  6 ogres
  9 centaurs
  4 big kobolds
  7 crocodiles
  20 bullfrogs
  A wyvern zombie (D:8)
  A gnoll sergeant (D:9)
  3 scorpions (D:11)
  3 troll zombies (D:11)
  A wyvern skeleton (D:8)
  3 howler monkeys (D:10)
  2 electric eels (Lair:4)
  4 crimson imps
  4 jellies
  4 orc priests
  5 bullfrog skeletons
  8 hounds
  5 orc wizards
  Ijyb (D:3)
  8 iguanas
  6 hell rats (Lair:6)
  7 worker ants
  5 ogre zombies (D:11)
  A worker ant zombie (D:5)
  8 adders
  5 gnolls (D:9)
  3 shadow imps
  An adder zombie (D:5)
  An adder skeleton (D:5)
  17 worms
  3 dart slugs
  4 leopard geckos
  43 orcs
  A ball python (D:8)
  7 giant cockroaches
  10 goblins
  6 hobgoblins
  4 jackals
  3 quokkas
  10 bats
  2 frilled lizards (D:1)
  A goblin skeleton (D:11)
  2 goblin zombies (D:11)
  2 hobgoblin skeletons (D:11)
  4 hobgoblin zombies (D:11)
  14 kobolds
  3 orc skeletons (D:11)
  13 orc zombies (D:11)
  A quokka zombie (D:5)
  11 rats
  A plant (D:8)
465 creatures vanquished.

Vanquished Creatures (others)
  A black mamba (Lair:6)
  3 hippogriffs (Lair:6)
  A slave (D:8)
  An acid dragon (Lair:6)
  A sky beast (D:8)
  A crocodile (Lair:6)
  An iguana (Lair:6)
  A quokka (D:3)
  23 fungi
  32 plants
65 creatures vanquished.

Grand Total: 530 creatures vanquished

Notes
Turn   | Place    | Note
-------+----------+-------------------------------------------
     0 | D:1      | Mgcat the Minotaur Berserker began the quest for the Orb.
     0 | D:1      | Reached XP level 1. HP: 19/19 MP: 0/0
   350 | D:1      | Reached XP level 2. HP: 27/27 MP: 1/1
   502 | D:1      | Reached skill level 4 in Fighting
   536 | D:1      | Reached skill level 4 in Maces & Flails
  1137 | D:2      | Reached XP level 3. HP: 26/33 MP: 2/2
  1240 | D:2      | Reached ** piety under Trog
  1726 | D:3      | Reached XP level 4. HP: 36/41 MP: 3/3
  1735 | D:3      | Reached skill level 5 in Fighting
  1735 | D:3      | Reached skill level 5 in Maces & Flails
  2050 | D:3      | Reached *** piety under Trog
  2111 | D:3      | Reached XP level 5. HP: 41/48 MP: 4/4
  2119 | D:3      | Found a white marble altar of Elyvilon.
  2128 | D:3      | Noticed an ogre
  2138 | D:3      | Killed an ogre
  2138 | D:3      | Reached skill level 6 in Fighting
  2138 | D:3      | Reached skill level 6 in Maces & Flails
  2200 | D:3      | Reached XP level 6. HP: 56/57 MP: 5/5
  2421 | D:3      | Noticed Ijyb
  2431 | D:3      | Killed Ijyb
  2593 | D:4      | Found a staircase to the Ecumenical Temple.
  2932 | D:4      | Noticed Zhenya24pyc's ghost (amateur GrFi)
  2937 | D:4      | Killed Zhenya24pyc's ghost
  2937 | D:4      | Reached skill level 7 in Fighting
  2937 | D:4      | Reached skill level 7 in Maces & Flails
  2937 | D:4      | Reached XP level 7. HP: 66/66 MP: 6/6
  3240 | D:5      | Entered Level 5 of the Dungeon
  3294 | D:5      | Found a shattered altar of Ashenzari.
  3356 | D:5      | Reached **** piety under Trog
  3437 | D:5      | Reached skill level 8 in Maces & Flails
  3639 | D:5      | Found an iron altar of Okawaru.
  3669 | D:5      | Reached skill level 8 in Fighting
  3669 | D:5      | Reached skill level 9 in Maces & Flails
  3746 | D:5      | Reached XP level 8. HP: 74/74 MP: 7/7
  3997 | D:5      | You fall through a shaft!
  4024 | D:6      | Found a sacrificial altar of Ru.
  4709 | D:7      | Noticed a hippogriff
  4718 | D:7      | Killed a hippogriff
  4718 | D:7      | Reached skill level 10 in Maces & Flails
  5677 | D:8      | Reached skill level 9 in Fighting
  5677 | D:8      | Reached skill level 1 in Throwing
  5797 | D:8      | Noticed Pikel
  5803 | D:8      | Reached skill level 11 in Maces & Flails
  5814 | D:8      | Killed Pikel
  5814 | D:8      | Reached skill level 2 in Throwing
  5814 | D:8      | Reached XP level 9. HP: 84/84 MP: 8/8
  5884 | D:8      | Reached skill level 3 in Throwing
  5958 | D:8      | Noticed a two-headed ogre
  5963 | D:8      | Killed a two-headed ogre
  5963 | D:8      | Reached ***** piety under Trog
  5963 | D:8      | Reached skill level 10 in Fighting
  5963 | D:8      | Reached skill level 12 in Maces & Flails
  5963 | D:8      | Reached skill level 4 in Throwing
  6762 | D:8      | Reached XP level 10. HP: 94/94 MP: 9/9
  6766 | D:8      | Reached skill level 13 in Maces & Flails
  6778 | D:8      | Noticed a three-headed hydra
  6785 | D:8      | Killed a three-headed hydra
  6785 | D:8      | Reached skill level 5 in Throwing
  6905 | D:8      | Noticed Joseph
  6918 | D:8      | Killed Joseph
  6918 | D:8      | Reached skill level 11 in Fighting
  7125 | D:9      | Reached skill level 14 in Maces & Flails
  7372 | D:9      | Found Hiutef's Distillery.
  7392 | D:9      | Bought 2 potions of haste for 240 gold pieces
  7392 | D:9      | Bought a potion of invisibility for 96 gold pieces
  7754 | D:9      | Reached skill level 3 in Armour
  7882 | D:10     | Entered Level 10 of the Dungeon
  7892 | D:10     | Reached skill level 1 in Shields
  7919 | D:10     | Noticed a two-headed ogre
  7926 | D:10     | Killed a two-headed ogre
  7926 | D:10     | Reached skill level 1 in Evocations
  7926 | D:10     | Reached XP level 11. HP: 104/104 MP: 10/10
  8154 | D:10     | Reached skill level 2 in Shields
  8169 | D:10     | Reached skill level 4 in Armour
  8549 | D:10     | Reached skill level 2 in Evocations
  8572 | D:11     | Reached skill level 15 in Maces & Flails
  8678 | D:11     | Reached skill level 12 in Fighting
  8794 | D:11     | Reached skill level 3 in Shields
  8913 | D:11     | Found a staircase to the Lair.
  8961 | D:11     | Reached ****** piety under Trog
  8962 | D:11     | Received a gift from Trog
  9001 | D:11     | Found a staircase to the Orcish Mines.
  9250 | D:11     | Reached skill level 5 in Armour
  9315 | D:11     | Reached skill level 3 in Evocations
  9531 | D:11     | Reached skill level 4 in Shields
  9603 | Lair:1   | Entered Level 1 of the Lair of Beasts
  9883 | Lair:1   | Noticed a five-headed hydra
  9890 | Lair:1   | Killed a five-headed hydra
 10366 | Lair:2   | Reached skill level 6 in Armour
 10366 | Lair:2   | Reached XP level 12. HP: 84/113 MP: 13/13
 10407 | Lair:2   | Reached skill level 5 in Shields
 10619 | Lair:2   | Noticed a five-headed hydra
 10621 | Lair:2   | Received a gift from Trog
 10623 | Lair:2   | Killed a five-headed hydra
 10623 | Lair:2   | Reached skill level 16 in Maces & Flails
 10623 | Lair:2   | Reached skill level 4 in Evocations
 11330 | Lair:3   | Found a staircase to the Shoals.
 11919 | Lair:3   | Reached skill level 13 in Fighting
 11919 | Lair:3   | Reached skill level 7 in Armour
 12080 | Lair:4   | Noticed Harold
 12313 | Lair:4   | HP: 28/115 [poisoned by a redback]
 12318 | Lair:4   | HP: 20/115 [poisoned by a redback]
 12323 | Lair:4   | HP: 14/115 [poisoned by a redback]
 12328 | Lair:4   | HP: 11/115 [poisoned by a redback]
 12334 | Lair:4   | HP: 9/115 [poisoned by a redback]
 12341 | Lair:4   | HP: 8/115 [poisoned by a redback]
 12348 | Lair:4   | HP: 8/115 [poisoned by a redback]
 12356 | Lair:4   | HP: 8/115 [poisoned by a redback]
 12653 | Lair:4   | Found a hole to the Spider Nest.
 12664 | Lair:4   | Reached skill level 5 in Evocations
 12869 | Lair:4   | Noticed a four-headed hydra
 12877 | Lair:4   | Killed a four-headed hydra
 12977 | Lair:4   | Reached skill level 17 in Maces & Flails
 13094 | Lair:4   | Found a snail-covered altar of Cheibriados.
 13096 | Lair:4   | Reached skill level 8 in Armour
 13208 | Lair:4   | Killed Harold
 13357 | Lair:4   | HP: 28/115 [poisoned by a spiny frog]
 13834 | Lair:4   | Got a jade-studded leather armour
 13845 | Lair:4   | Identified the cursed +0 leather armour of the Prince {rPois} (You found it on level 4 of the Lair of Beasts)
 14240 | Lair:5   | Reached XP level 13. HP: 65/122 MP: 15/15
 14384 | Lair:5   | Reached skill level 6 in Throwing
 14815 | Lair:6   | Entered Level 6 of the Lair of Beasts
 14815 | Lair:6   | Found a viscous altar of Jiyva.
 14815 | Lair:6   | Found a staircase to the Slime Pits.
 14849 | Lair:4   | HP: 30/122 [death yak (14)]
 14852 | Lair:4   | HP: 10/122 [death yak (18)]
 15175 | Lair:6   | Received a gift from Trog
 15178 | Lair:6   | Got a faintly glowing dire flail {god gift}
 15179 | Lair:6   | Identified the +2 dire flail "Deb Erick" {distort, Str+2 Int+5 Stlth+} (Trog gifted it to you on level 6 of the Lair of Beasts)
 15611 | Lair:6   | Noticed a fire dragon
 15618 | Lair:6   | HP: 27/123 [poisoned by a swamp dragon (poison gas)]
 15623 | Lair:6   | HP: 23/123 [poisoned by a swamp dragon (poison gas)]
 15628 | Lair:6   | HP: 21/123 [poisoned by a swamp dragon (poison gas)]
 15636 | Lair:6   | HP: 22/123 [poisoned by a swamp dragon (poison gas)]
 15644 | Lair:6   | HP: 30/123 [poisoned by a swamp dragon (poison gas)]
 15772 | Lair:6   | Reached skill level 9 in Armour
 15990 | Lair:6   | Killed a fire dragon
 16076 | Lair:6   | Reached skill level 14 in Fighting
 16241 | Lair:6   | Reached skill level 18 in Maces & Flails
 16411 | Lair:6   | Reached skill level 7 in Throwing
 16705 | Lair:6   | Paralysed by a hornet for 3 turns
 16927 | Lair:6   | Reached skill level 10 in Armour
 17048 | Lair:6   | Identified a scroll of acquirement
 17167 | Lair:5   | HP: 30/125 [death yak (11)]
 17168 | Lair:5   | HP: 4/125 [death yak (19)]
 17168 | Lair:5   | Slain by a torpor snail

Skill      XL: |  1  2  3  4  5  6  7  8  9 10 11 12 13 |
---------------+----------------------------------------+-----
Fighting       | 4 5 6 7 8 9 10 11 12 13 14 | 14.5
Maces & Flails | 4 5 6 7 9 11 12 14 15 17 18 | 18.6
Throwing       | 2 4 5 7 |  7.7
Armour         | 3 6 8 10 | 10.1
Shields        | 1 4 5 |  5.0
Evocations     | 1 3 5 |  5.0
Dodging        | |  2.4

Action                   |  1- 3 |  4- 6 |  7- 9 | 10-12 | 13-15 || total
-------------------------+-------+-------+-------+-------+-------++-------
Melee: Mace              |    87 |    91 |       |       |       ||   178
       Headbutt          |    11 |    14 |    46 |   134 |    62 ||   267
       Morningstar       |       |     7 |   224 |   276 |       ||   507
       Great mace        |       |       |       |   307 |    37 ||   344
       Dire flail        |       |       |       |       |   198 ||   198
Throw: Tomahawk          |       |       |       |    21 |    32 ||    53
       Javelin           |       |       |       |       |    16 ||    16
       Throwing net      |       |       |       |       |     2 ||     2
Invok: Berserk           |       |     3 |     7 |    10 |     9 ||    29
       Trog's Hand       |       |     2 |     1 |     7 |    10 ||    20
       Burn Spellbooks   |       |       |     1 |     1 |     1 ||     3
  Use: Scroll            |       |    11 |     3 |    13 |     6 ||    33
       Potion            |       |       |       |     1 |     3 ||     4
  Eat: Chunk             |     3 |     6 |    19 |    34 |    10 ||    72
       Ration            |       |       |       |     1 |     3 ||     4
Armor: Animal skin       |     2 |       |       |       |       ||     2
       Leather armour    |     8 |       |       |       |       ||     8
       Ring mail         |    17 |    36 |    95 |   255 |   125 ||   528
Dodge: Dodged            |    54 |    66 |   115 |   347 |   146 ||   728
Block: Shield            |       |       |    11 |       |       ||    11
       Buckler           |       |       |    17 |    40 |       ||    57

Vault maps used:
D:1:      co_arrival_random_square_maze, serial_forest, infiniplex_forest_end_3,
          infiniplex_forest_lined_3, infiniplex_forest_clump_diagonal,
          infiniplex_forest_clump_small, infiniplex_forest_clump_double,
          infiniplex_forest_lined_ring, hex_medium, minivault_14
D:3:      elyvilon_altar_4, uniq_ijyb
D:4:      temple_pool_b, first_ration
D:5:      okawaru_trees_1, basic_altar, guppyfry_early_lair_pool
D:6:      nicolae_ru_awakened_eye
D:8:      hangedman_decor_lopped, hangedman_ranch, worms_lemuel, uniq_joseph,
          uniq_pikel
D:9:      serial_shops, shop
D:10:     st_stairs_4
D:11:     due_lair_maze_entry_diamond, zombieorc2_lemuel
Lair:1:   lemuel_fruit_tree
Lair:2:   infiniplex_staircase_pool_2, grunt_megastairs_5
Lair:3:   minmay_shoals_entry_lonely_mermaid, st_stairs_5
Lair:4:   nicolae_spider_entry_tight_spaces, kennysheep_snail_temple,
          infiniplex_staircase_pool, serial_bayou_shore_a, serial_bayou_shore_b,
          uniq_harold
Lair:6:   wormcave, guppyfry_lair_end_dragon, slime_altar_1,
          minmay_lair_oklob_chamber, grunt_megastairs_4

Table legend:
 A = Turns spent in this place as a percentage of turns spent in the entire game.
 B = Non-inter-level travel turns spent in this place as a percentage of non-inter-level travel turns spent in the entire game.
 C = Inter-level travel turns spent in this place as a percentage of turns spent in this place.
 D = Turns resting spent in this place as a percentage of non-inter-level travel turns spent in this place.
 E = Turns spent auto-exploring this place as a percentage of non-inter-level travel turns spent in this place.
 F = Non-inter-level travel turns spent in this place divided by the number of levels of this place that you've seen.
                   A       B       C       D       E      F
               +-------+-------+-------+-------+-------+----------------------
         Total | 100.0 | 100.0 |   2.5 |   4.1 |  78.1 | 984.6
       Dungeon |  55.9 |  55.6 |   3.1 |   0.1 |  80.9 | 846.0
          Lair |  44.1 |  44.4 |   1.8 |   9.1 |  74.6 | 1238.7
               +-------+-------+-------+-------+-------+----------------------

Table legend:
 A = Kills in this place as a percentage of kills in entire the game.
 B = Kills by you in this place as a percentage of kills by you in the entire game.
 C = Kills by friends in this place as a percentage of kills by friends in the entire game.
 D = Other kills in this place as a percentage of other kills in the entire game.
 E = Experience gained in this place as a percentage of experience gained in the entire game.
 F = Experience gained in this place divided by the number of levels of this place that you have seen.
                   A       B       C       D       E      F
               +-------+-------+-------+-------+-------+----------------------
         Total | 100.0 | 100.0 |   N/A | 100.0 | 100.0 | 3732.6
       Dungeon |  66.6 |  67.6 |   N/A |   0.0 |  27.7 | 1600.1
          Lair |  33.4 |  32.4 |   N/A | 100.0 |  72.3 | 7642.3
               +-------+-------+-------+-------+-------+----------------------
